 Dungeon Crawl Stone Soup version 0.18.1-50-g88ac8fd (webtiles) character file.

313 grisgris the Skirmisher (level 6, -6/40 HPs)
             Began as a Gargoyle Fighter on Oct 22, 2016.
             Mangled by Menkaure (19 damage)
             ... on level 4 of the Dungeon.
             The game lasted 00:08:35 (2627 turns).

grisgris the Skirmisher (Gargoyle Fighter)          Turns: 2627, Time: 00:08:36

Health: -6/40      AC: 12    Str: 22    XL:     6   Next: 43%
Magic:  6/6        EV:  8    Int:  8    God:
Gold:   151        SH:  9    Dex:  9    Spells: 0 memorised, 5 levels left

rFire  . . .     SeeInvis .     a - +1 long sword
rCold  . . .     Gourm    .     b - +0 scale mail
rNeg   + . .     Faith    .     c - +0 shield
rPois  ∞         Spirit   .     (no helmet)
rElec  +         Dismiss  .     u - +0 cloak
rCorr  .         Reflect  .     (no gloves)
SustAt .         Harm     .     (no boots)
MR     .....                    (no amulet)
Stlth  ..........               (no ring)
                                (no ring)

@: not resistant to hostile enchantments, extremely unstealthy
A: negative energy resistance 1, electricity resistance, unbreathing,
petrification resistance, rot immunity, AC +4
a: no special abilities


You were on level 4 of the Dungeon.
You were not hungry.

You visited 1 branch of the dungeon, and saw 4 of its levels.

You collected 151 gold pieces.

Inventory:

Hand Weapons
 a - a +1 long sword (weapon)
Armour
 b - a +0 scale mail (worn)
 c - a +0 shield (worn)
 u - a +0 cloak (worn)
Wands
 q - a wand of iceblast (10/15)
 t - a wand of paralysis (12/24)
Scrolls
 d - a scroll of random uselessness {unknown}
 h - a scroll of enchant armour {unknown}
 i - 2 scrolls of recharging
 l - 2 scrolls of teleportation
 m - a scroll of noise {unknown}
 p - a scroll of amnesia {unknown}
 s - a scroll of remove curse {unknown}
 v - 3 scrolls of blinking
Potions
 j - a potion of cancellation
 r - 2 potions of curing
Comestibles
 f - 4 bread rations
 g - a meat ration
 k - a chunk of flesh
 n - a beef jerky
 w - a slice of pizza


   Skills:
 * Level 5.3 Fighting
 + Level 3.0 Long Blades
 + Level 4.3 Armour
 + Level 1.4 Dodging
 + Level 4.1 Shields


You had 5 spell levels left.
You didn't know any spells.

Dungeon Overview and Level Annotations

Branches:
Dungeon (4/15)
 Temple: D:4-7

Altars:
Sif Muna

Annotations:
D:4 Menkaure, Sigmund


Innate Abilities, Weirdness & Mutations

You are resistant to torment.
Your stone body is resilient (AC +4).
You are immune to poison.
You resist negative energy.
You are resistant to electric shocks.
You can survive without breathing.
You are immune to petrification.
You are immune to rotting.


Message History

Menkaure calls on the powers of darkness!
The gnoll convulses!
Your body is wracked with pain!
You hit the gnoll.
The gnoll is almost dead.
You block the gnoll's attack. The gnoll hits you but does no damage.
You slash the gnoll!
You kill the gnoll!
Menkaure casts a spell.
Menkaure seems to speed up.
A gnoll comes into view. It is wielding a flail.
The gnoll shouts!
The orc shouts!
You see here a spear.
You see here a flail.
Menkaure mumbles in an indecipherable tongue.
Menkaure calls on the powers of darkness!
Your body is wracked with pain!
Menkaure calls on the powers of darkness!
Your body is wracked with pain!
Menkaure hits you!!
You die...

#. #. #. #. #####.
#######.....
#.......###.
##########.#####.....
#..M@......# #.###.
#.########.# #.# #.
#.# #.# #.# #. #.#
#.#####.# #. #.#
#.......# #. #.#
###.##..# ## #g#
#.##..# #o# #.##..#
#.#### #....^.


You could see Menkaure.

Vanquished Creatures
  A crimson imp (D:3)
  A hound skeleton (D:4)
  10 gnolls
  8 adders
  An ooze (D:1)
  2 worms (D:2)
  4 dart slugs
  2 giant geckos
  8 orcs
  6 goblins
  6 hobgoblins
  2 quokkas (D:3)
  2 ball pythons
  10 bats
  8 giant newts
  7 kobolds
  7 rats
85 creatures vanquished.

Notes
Turn   | Place    | Note
--------------------------------------------------------------
     0 | D:1      | grisgris the Gargoyle Fighter began the quest for the Orb.
     0 | D:1      | Reached XP level 1. HP: 14/14 MP: 1/1
    71 | D:1      | Reached XP level 2. HP: 10/19 MP: 2/2
   575 | D:1      | Reached XP level 3. HP: 24/24 MP: 3/3
   954 | D:2      | HP: 1/24 [gnoll/spear of venom (1)]
   957 | D:2      | Reached skill level 4 in Fighting
   957 | D:2      | Reached XP level 4. HP: 12/29 MP: 4/4
  1203 | D:2      | Found a faded altar to an unknown god.
  1234 | D:2      | Reached XP level 5. HP: 34/34 MP: 5/5
  1413 | D:2      | Found a deep blue altar of Sif Muna.
  1830 | D:3      | Reached skill level 1 in Dodging
  2006 | D:3      | Reached XP level 6. HP: 24/40 MP: 6/6
  2026 | D:3      | Reached skill level 5 in Fighting
  2363 | D:4      | Noticed Sigmund
  2608 | D:4      | Noticed Menkaure
  2627 | D:4      | Mangled by Menkaure

Skill      XL: |  1  2  3  4  5  6 |
---------------+-------------------+-----
Long Blades    | 2 3 |  3.0
Fighting       | 4 5 |  5.3
Armour         | 4 |  4.3
Dodging        | 1 |  1.4
Shields        | 4 |  4.1

Action                   |  1- 3 |  4- 6 || total
-------------------------+-------+-------++-------
Melee: Long sword        |   112 |   243 ||   355
  Use: Scroll            |     4 |       ||     4
       Potion            |     5 |     4 ||     9
  Eat: Chunk             |       |     7 ||     7
Armor: Scale mail        |    79 |   170 ||   249
Dodge: Dodged            |    41 |    81 ||   122
Block: Shield            |    68 |   149 ||   217
